 Dungeon Crawl Stone Soup version 0.20-a0-870-g4070442 (console) character file.

224 nht the Stinger (level 5, -3/35 HPs)
             Began as a Demonspawn Venom Mage on Mar 13, 2017.
             Was a Believer of Fedhas.
             Killed from afar by Natasha (6 damage)
             ... with a magic dart
             ... on level 2 of the Dungeon.
             The game lasted 00:07:12 (2448 turns).

nht the Stinger (Demonspawn Venom Mage)             Turns: 2448, Time: 00:07:12

Health: -3/35      AC:  2    Str:  9    XL:     5   Next: 67%
Magic:  1/8        EV: 12    Int: 17    God:    Fedhas [**....]
Gold:   143        SH:  0    Dex: 13    Spells: 2/8 levels left

rFire    . . .     SeeInvis .   (no weapon)
rCold    . . .     Gourm    .   a - +0 robe
rNeg     . . .     Faith    .   (no shield)
rPois    .         Spirit   .   (no helmet)
rElec    .         Reflect  .   (no cloak)
rCorr    .         Harm     .   (no gloves)
MR       .....                  (no boots)
Stlth    ++........             (no amulet)
Regen    0.2/turn               (no ring)
MPRegen  0.2/turn               (no ring)

@: no status effects
A: talons 1
a: Fungal Bloom, Evolution, Sunlight, Renounce Religion


You were on level 2 of the Dungeon.
You worshipped Fedhas.
Fedhas was pleased with you.
You were not hungry.

You visited 1 branch of the dungeon, and saw 3 of its levels.

You collected 143 gold pieces.

Inventory:

Armour
 a - a +0 robe (worn)
 l - a cursed -2 robe
Scrolls
 e - 3 scrolls of enchant weapon
 h - a scroll of teleportation
 k - 2 scrolls of remove curse
Books
 b - a Young Poisoner's Handbook

   Spells                             Type                      Level
   a - Sting                          Conjuration/Poison           1
   b - Poisonous Vapours              Poison/Air                   2
   c - Mephitic Cloud                 Conjuration/Poison/Air       3
   d - Olgreb's Toxic Radiance        Poison                       4
   e - Venom Bolt                     Conjuration/Poison           5
Comestibles
 c - 2 bread rations
 f - 2 royal jellies
 j - 4 fruits


   Skills:
 - Level 1.7 Dodging
 - Level 1.7 Stealth
 - Level 2.0 Spellcasting
 + Level 3.4 Conjurations
 + Level 4.7 Poison Magic
 + Level 3.1 Invocations


You had 2 spell levels left.
You knew the following spells:

 Your Spells              Type           Power        Failure   Level  Hunger
a - Sting                 Conj/Pois      ###.         3%          1    #......
b - Poisonous Vapours     Pois/Air       #.....       14%         2    ###....
c - Mephitic Cloud        Conj/Pois/Air  ##......     21%         3    ###....


Dungeon Overview and Level Annotations

Branches:
Dungeon (3/15)

Altars:
Fedhas

Annotations:
D:2 Natasha


Innate Abilities, Weirdness & Mutations

You have sharp toenails.


Message History

There isn't anything here!
Unknown command.
Casting: Sting
Confirm with . or Enter, or press ? or * to list all spells.
Aiming: Sting
Press: ? - help, Shift-Dir - straight line, f - Natasha
Aim: Natasha The sting misses Natasha.
Natasha claws you but does no damage.
You barely miss Natasha. Your kick misses Natasha. Natasha barely misses you.
You hit Natasha. Your kick misses Natasha.
Natasha is lightly wounded.
Natasha casts a spell at you. The magic dart hits you!
* * * LOW HITPOINT WARNING * * *
Natasha stares at you and mumbles some strange words.
You resist with some effort.
Natasha stares at you and mumbles some strange words.
The magic dart hits you!
You die...
Fedhas appreciates your contribution to the ecosystem.

█.███ ██.██ █..█
█..<████████...████████.██
█.█.██..................█
█.█.██.█████...█.████████
█.█.██.█ ██.██.█ █.█.██.█
█.██.█ █.█.██.█
██.██.██████████
█....█.█████h..............
█..█......@...........███..
██...█.█████.██..████5█ █..
██..............█


█h█ █.█ █████████████.██ █.███.█ █.█ █..(... █.█ █h███.█ █.█████..<..█
█.......█████ █████████ You could see Natasha.

Vanquished Creatures
  An orc priest (D:3)
  An orc wizard (D:3)
  Natasha (twice) (D:2)
  3 gnolls
  2 adders
  An ooze (D:1)
  An adder skeleton (D:3)
  A worm (D:2)
  2 dart slugs (D:1)
  2 leopard geckos
  3 orcs (D:3)
  A giant cockroach (D:3)
  10 goblins
  4 hobgoblins
  2 jackals (D:3)
  6 bats
  4 frilled lizards
  6 kobolds
  5 rats
57 creatures vanquished.

Vanquished Creatures (others)
  13 toadstools
13 creatures vanquished.

Grand Total: 70 creatures vanquished

Notes
Turn   | Place    | Note
-------+----------+-------------------------------------------
     0 | D:1      | nht the Demonspawn Venom Mage began the quest for the Orb.
     0 | D:1      | Reached XP level 1. HP: 13/13 MP: 3/3
   351 | D:1      | Gained mutation: You have sharp toenails. [demonic ancestry]
   351 | D:1      | Reached XP level 2. HP: 14/19 MP: 3/5
   893 | D:2      | Reached XP level 3. HP: 17/24 MP: 0/6
   913 | D:2      | Found a faded altar of an unknown god.
   918 | D:2      | Became a worshipper of Fedhas Madash
   918 | D:2      | Reached * piety under Fedhas
  1007 | D:2      | Reached skill level 4 in Poison Magic
  1331 | D:2      | Noticed Natasha
  1334 | D:2      | Killed Natasha
  1334 | D:2      | Reached skill level 1 in Invocations
  1334 | D:2      | Reached XP level 4. HP: 18/30 MP: 2/7
  1338 | D:2      | Learned a level 2 spell: Poisonous Vapours
  1342 | D:2      | Learned a level 3 spell: Mephitic Cloud
  1605 | D:2      | Noticed Natasha
  1615 | D:2      | Killed Natasha
  1739 | D:3      | Reached ** piety under Fedhas
  1846 | D:3      | Reached XP level 5. HP: 30/35 MP: 4/8
  2118 | D:2      | Noticed Natasha
  2448 | D:2      | Killed from afar by Natasha

Vault maps used:
D:1:      dpeg_arrival_concentric_ovals, hex_tiny
D:2:      kennysheep_big_flooded_room, first_bread,
          chequers_ecumenical_altar_island, uniq_natasha
D:3:      st_stairs_8, minmay_crystal_water, uniq_grinder

Skill      XL: |  1  2  3  4  5 |
---------------+----------------+-----
Conjurations   | 2 3 |  3.4
Poison Magic   | 4 |  4.7
Invocations    | 1 2 3 |  3.1
Dodging        | |  1.7
Stealth        | |  1.7
Spellcasting   | |  2.0

Action                   |  1- 3 |  4- 6 || total
-------------------------+-------+-------++-------
Melee: Unarmed           |    58 |    48 ||   106
       Kick              |    12 |     7 ||    19
 Cast: Sting             |    65 |    88 ||   153
Invok: Fungal Bloom      |     3 |     6 ||     9
  Use: Potion            |     2 |     1 ||     3
       Scroll            |       |     6 ||     6
  Eat: Chunk             |     2 |     3 ||     5
       Bread ration      |       |     1 ||     1
Armor: Robe              |    11 |    10 ||    21
Dodge: Dodged            |    43 |    45 ||    88
